 Dungeon Crawl Stone Soup version 0.23.2-30-g0e89c35649 (webtiles) character file.

Game seed: 1266734109868990333

2540 Richard19 the Sneak (level 9, -15/79 HPs)
             Began as a Naga Skald on June 21, 2019.
             Was a Believer of Cheibriados.
             Demolished by an orc warrior
             ... wielding a +0 halberd
              (25 damage)
             ... in a bailey on June 22, 2019.
             The game lasted 02:50:11 (8534 turns).

Richard19 the Sneak (Naga Skald)                    Turns: 8534, Time: 02:50:11

Health: -15/79     AC: 17    Str: 17    XL:     9   Next: 55%
Magic:  13/14      EV: 16    Int: 21    God:    Cheibriados [**....]
Gold:   302        SH:  0    Dex: 20    Spells: 6/14 levels left

rFire    + . .     SeeInvis +   a - +0 spear
rCold    . . .     Gourm    .   (no shield)
rNeg     . . .     Faith    .   l - +3 scale mail {rF+}
rPois    +         Spirit   .   y - +2 helmet
rElec    .         Reflect  .   t - +2 cloak
rCorr    .         Harm     .   x - +0 pair of gloves
MR       +....                  (no barding)
Stlth    ++++......             (no amulet)
HPRegen  0.00/turn              r - +3 ring of evasion
MPRegen  0.14/turn              (no ring)

@: agile, very slow
A: large, see invisible, deformed body, poison resistance, slowness 2, inhibited
regeneration, slow metabolism 1, spit poison 2, wild magic 1, AC +3
a: Breathe Poison Gas, Bend Time, Renounce Religion


You were in a bailey.
You worshipped Cheibriados.
Cheibriados was pleased with you.
You were not hungry.

You visited 2 branches of the dungeon, and saw 8 of its levels.
You also visited: Bailey.

You collected 302 gold pieces.

Inventory:

Hand Weapons
 a - a +0 spear (weapon)
 g - a +0 arbalest
 o - a +3 quarterstaff of chaos
 p - a +0 hand axe
 J - a +0 trident
Missiles
 q - 119 bolts
 v - 10 tomahawks
 D - 2 javelins (quivered)
 I - 59 arrows
 K - 18 poisoned needles
Armour
 b - a +0 leather armour
 l - a +3 scale mail of fire resistance (worn)
 t - a +2 cloak (worn)
 x - a +0 pair of gloves (worn)
 y - a +2 helmet (worn)
Jewellery
 r - a +3 ring of evasion (left hand)
Wands
 H - a wand of flame (16)
Scrolls
 c - 2 scrolls of noise
 e - 5 scrolls of enchant armour
 f - a scroll of remove curse
 i - 2 scrolls of teleportation
 s - a scroll of blinking
Potions
 h - a potion of experience {unknown}
 j - a potion of agility
 z - a potion of brilliance {unknown}
 A - a potion of haste {unknown}
 B - a potion of resistance {unknown}
 C - a potion of ambrosia {unknown}
 G - 2 potions of lignification
Comestibles
 d - 6 rations


   Skills:
 + Level 4.4 Fighting
 + Level 4.5 Polearms
 * Level 4.6 Armour
 - Level 1.7 Dodging
 + Level 7.1 Stealth
 + Level 3.4 Spellcasting
 + Level 5.5 Hexes
 + Level 6.1 Charms


You had 6 spell levels left.
You knew the following spells:

 Your Spells              Type           Power        Failure   Level  Hunger
a - Infusion              Chrm           ####         5%          1    None
b - Song of Slaying       Chrm           #####...     8%          2    ##.....
c - Spectral Weapon       Hex/Chrm       #####...     16%         3    ###....
d - Shroud of Golubria    Chrm/Tloc      ###.......   24%         2    ##.....

Your spell library contained the following spells:

 Spells                   Type           Power        Failure   Level  Hunger
 Regeneration             Chrm/Necr      ###.......   43%         3    ###....


Dungeon Overview and Level Annotations

Branches:
Dungeon (7/15)             Temple (1/1) D:5

Altars:
Ashenzari
Cheibriados
Dithmenos
Elyvilon
Fedhas
Gozag
Hepliaklqana
Kikubaaqudgha
Makhleb
Nemelex Xobeh
Okawaru
Qazlal
Ru
Sif Muna
Trog
Uskayaw
Vehumet
Wu Jian
Xom
Yredelemnul
Zin
The Shining One

Annotations:
D:7 1 exclusion


Innate Abilities, Weirdness & Mutations

You cannot wear boots.
Your serpentine skin is tough. (AC +3)
You have supernaturally acute eyesight. (SInv)
Armour fits poorly on your strangely shaped body.
Your system is resistant to poisons. (rPois)
You cover ground very slowly.
You have a slow metabolism.
You can exhale a cloud of poison.
You do not regenerate when monsters are visible.
Your spells are a little harder to cast, but a little more powerful.


Message History

You open the door. 3 orc warriors and an orc knight come into view.
The orc warrior shouts! x2
The orc knight roars a battlecry!
The orc warriors go into a battle-frenzy!
The orc warrior hits you from afar with a +0 trident!!
The orc warrior hits you from afar with a +0 halberd!
Your magical contamination has completely faded away.
Found two manuals of Shields.
Found a roughly hewn altar of Beogh.
Press: ? - help, v - describe, . - travel
Here: an orc warrior, wielding a +0 halberd and wearing a +0 plate armour (unusually strong)
The floor.
Okay, then.
You feel agile all of a sudden.
The orc warrior hits you but does no damage.
The orc knight hits you from afar with a cursed -2 trident!
The orc warrior hits you with a +0 glaive!!
* * * LOW HITPOINT WARNING * * *
The orc warrior hits you from afar with a +0 halberd!!
You die...

...≈≈#.#≈≈...............≈≈#
...≈##.##≈...............≈##.#
...≈..^.)≈....(..........≈..^.
...≈##.∩#≈.........))....≈#o.#
...≈≈#.#≈≈..)(#######....≈≈#.#
....≈≈≈≈≈...(##....##.....≈≈≈≈
.........(##.....##(........
........(##..#'('##(........
........(#..##@.∩##.(##....
.......(##.####o####(# ....
........##.')#.oo#)'.# ...
.......(##.###o_.###.# ..
.......(##.')#:.:#)'.#
.......(##.#########.#
........(#..##)#)##..#..
........(##..#'#'#..##..
.........(##.......##...


You could see an orc knight, 2 orc warriors and a friendly spectral +0 spear.

Vanquished Creatures
  Grinder (D:6)
  Eustachio (D:6)
  An ice beast (D:5)
  A sky beast (D:7)
  7 orc warriors
  An ogre (D:5)
  Blork the orc (D:6)
  A bullfrog (D:3)
  A scorpion (D:5)
  2 crimson imps
  2 orc priests
  A bullfrog zombie (D:6)
  5 hounds
  A jelly (D:5)
  A bullfrog skeleton (D:5)
  Crazy Yiuf (D:2)
  6 orc wizards
  Jessica (D:2)
  4 iguanas
  7 worker ants
  A hound zombie (D:5)
  2 hound skeletons
  A gnoll (D:1)
  A howler monkey skeleton (D:6)
  6 adders
  A shadow imp (D:6)
  An ooze (D:3)
  An adder skeleton (D:6)
  A worm (D:2)
  2 dart slugs (D:1)
  5 leopard geckos
  23 orcs
  14 bats
  8 giant cockroaches
  6 hobgoblins
  6 jackals
  6 kobolds
  5 quokkas
  A ball python (D:1)
  3 frilled lizards
  7 goblins
  2 leopard gecko skeletons
  A quokka skeleton (D:4)
  10 rats
160 creatures vanquished.

Vanquished Creatures (others)
  2 spectral weapons
2 creatures vanquished.

Grand Total: 162 creatures vanquished

Notes
Turn   | Place    | Note
-------+----------+-------------------------------------------
     0 | D:1      | Richard19 the Naga Skald began the quest for the Orb.
     0 | D:1      | Reached XP level 1. HP: 19/19 MP: 3/3
   447 | D:1      | Reached XP level 2. HP: 26/26 MP: 5/5
   451 | D:1      | Learned a level 2 spell: Song of Slaying
   697 | D:1      | Reached skill level 1 in Armour
   697 | D:1      | Reached skill level 1 in Stealth
  1078 | D:1      | Reached XP level 3. HP: 32/32 MP: 6/6
  1083 | D:1      | Learned a level 3 spell: Spectral Weapon
  2058 | D:2      | Noticed Jessica
  2237 | D:2      | Reached skill level 1 in Hexes
  2237 | D:2      | Reached XP level 4. HP: 40/40 MP: 7/7
  2255 | D:2      | Reached skill level 2 in Stealth
  2379 | D:2      | Found a runed translucent door.
  2380 | D:2      | Noticed Crazy Yiuf
  2396 | D:2      | Killed Crazy Yiuf
  2648 | D:2      | Killed Jessica
  2648 | D:2      | Reached XP level 5. HP: 46/46 MP: 8/8
  3136 | D:3      | Reached skill level 3 in Stealth
  3136 | D:3      | Reached XP level 6. HP: 48/56 MP: 4/9
  4177 | D:4      | Found a deep blue altar of Sif Muna.
  4379 | D:5      | Entered Level 5 of the Dungeon
  4409 | D:5      | Reached XP level 7. HP: 62/62 MP: 4/10
  4411 | D:5      | Reached skill level 4 in Stealth
  4986 | D:5      | Reached XP level 8. HP: 23/72 MP: 8/12
  5274 | D:5      | Found a staircase to the Ecumenical Temple.
  5285 | D:5      | Reached skill level 5 in Stealth
  5333 | Temple   | Entered the Ecumenical Temple
  5634 | Temple   | Became a worshipper of Cheibriados the Contemplative
  5687 | D:5      | Learned a level 2 spell: Shroud of Golubria
  6425 | D:6      | Reached * piety under Cheibriados
  6473 | D:6      | Noticed Grinder
  6494 | D:6      | Killed Grinder
  6494 | D:6      | Reached skill level 5 in Charms
  6503 | D:6      | Reached skill level 6 in Stealth
  6567 | D:6      | Noticed Eustachio
  6580 | D:6      | Killed Eustachio
  6632 | D:6      | Reached skill level 5 in Hexes
  6632 | D:6      | Reached XP level 9. HP: 35/78 MP: 9/13
  6852 | D:6      | Noticed Blork the orc
  6859 | D:6      | Killed Blork the orc
  7307 | D:7      | Found a flagged portal.
  7338 | Bailey   | Entered a bailey
  7393 | Bailey   | HP: 1/117 [orc warrior/bolt (21)]
  7394 | Bailey   | Gained mutation: You can exhale a cloud of poison. [potion
                  | of mutation]
  7394 | Bailey   | Gained mutation: You do not regenerate when monsters are
                  | visible. [potion of mutation]
  7394 | Bailey   | Gained mutation: Your spells are a little harder to cast,
                  | but a little more powerful. [potion of mutation]
  7938 | Bailey   | Reached ** piety under Cheibriados
  8292 | Bailey   | Reached skill level 7 in Stealth
  8532 | Bailey   | Found a roughly hewn altar of Beogh.
  8532 | Bailey   | Noticed an orc knight
  8534 | Bailey   | Demolished by an orc warrior

Skill      XL: |  1  2  3  4  5  6  7  8  9 |
---------------+----------------------------+-----
Armour         | 1 2 3 4 |  4.6
Stealth        | 1 2 3 4 6 7 |  7.1
Hexes          | 1 2 3 5 |  5.5
Fighting       | 3 4 |  4.4
Polearms       | 3 4 |  4.5
Charms         | 4 5 6 |  6.1
Spellcasting   | 3 |  3.4
Dodging        | |  1.7

Action                   |  1- 3 |  4- 6 |  7- 9 || total
-------------------------+-------+-------+-------++-------
Melee: Spear             |    89 |   134 |   324 ||   547
 Fire: Arbalest          |       |       |     6 ||     6
Throw: Javelin           |       |     4 |    14 ||    18
       Tomahawk          |       |       |    13 ||    13
 Cast: Song of Slaying   |     2 |     3 |     3 ||     8
       Spectral Weapon   |       |     9 |    25 ||    34
Invok: Bend Time         |       |       |     1 ||     1
 Abil: Spit Poison       |    31 |    38 |    30 ||    99
       Breathe Poison Ga |       |       |     9 ||     9
  Use: Scroll            |       |       |    13 ||    13
       Potion            |       |       |     5 ||     5
 Stab: Sleeping          |       |       |     1 ||     1
  Eat: Chunk             |     5 |     6 |     6 ||    17
       Ration            |       |     1 |     3 ||     4
Armor: Leather armour    |    21 |    50 |    42 ||   113
       Scale mail        |       |       |   126 ||   126
       Skin              |       |       |     3 ||     3
Dodge: Dodged            |    37 |    73 |   170 ||   280
